General information
- name: BNet
- type: Ladder team game (AT/RT)
- host: Battle.net
- saver: sc2no.wc4yes
map: Battleground
- players: 8
- length: 18:09
- speed: Fast
- version: 1.26 W3XP
- replay type: Public
» download(131 KB)
Players
team 1 (loser)
disgibbs1 (
blue | 32 APM | 551 actions | 17:21)
4 Dreadlord
2 Sleep
2 Carrion Swarm
» actions
| Build / train | 52 | |
| Enter build submenu | 11 | |
| Enter hero's abilities submenu | 4 | |
| Give item / drop item | 1 | |
| Right click | 236 | |
| Select / deselect | 205 | |
| Use ability | 42 | |
551 total
» units
| Acolyte | 2 | |
| Ghoul | 12 | |
| Crypt Fiend | 5 | |
| Obsidian Statue | 3 | |
| Abomination | 2 | |
| Gargoyle | 3 | |
27 total
» upgrades
| Unholy Strength | 1 | |
| Unholy Armor | 2 | |
| Creature Attack | 1 | |
| Creature Carapace | 1 | |
| Web | 1 | |
| Destroyer Form | 1 | |
7 total
» buildings
| Crypt | 1 | |
| Ziggurat | 7 | |
| Altar of Darkness | 1 | |
| Graveyard | 1 | |
| Nerubian Tower | 1 | |
| Halls of the Dead | 1 | |
| Tomb of Relics | 1 | |
| Spirit Tower | 5 | |
| Slaughterhouse | 1 | |
| Black Citadel | 1 | |
20 total
» build order
00:18 Crypt
00:22 Ziggurat
00:42 Altar of Darkness
01:08 Graveyard
01:22 Ziggurat
02:20 Nerubian Tower
04:35 Halls of the Dead
04:44 Tomb of Relics
06:37 Spirit Tower
06:40 Ziggurat
07:21 Slaughterhouse
08:50 Black Citadel
09:26 Spirit Tower
11:04 Ziggurat
14:20 Ziggurat
14:23 Ziggurat
14:25 Ziggurat
15:07 Spirit Tower
15:17 Spirit Tower
15:19 Spirit Tower
» items
| Rod of Necromancy | 1 | |
| Scroll of Town Portal | 3 | |
4 total

»
DaRealAlexJones (
green | 80 APM | 1415 actions | 17:45)
4 Paladin
2 Holy Light
2 Devotion Aura
3 Mountain King
2 Storm Bolt
1 Bash
» actions
| Build / train | 70 | |
| Enter build submenu | 22 | |
| Enter hero's abilities submenu | 7 | |
| Give item / drop item | 2 | |
| Remove unit from queue | 3 | |
| Right click | 906 | |
| Select / deselect | 349 | |
| Use ability | 56 | |
1415 total
» units
| Peasant | 29 | |
| Rifleman | 7 | |
| Knight | 2 | |
| Dragonhawk Rider | 4 | |
42 total
» upgrades
| Masonry | 0 | |
| Long Rifles | 1 | |
| Animal War Training | 1 | |
| Storm Hammers | 0 | |
| Cloud | 1 | |
3 total
» buildings
| Altar of Kings | 1 | |
| Lumber Mill | 1 | |
| Farm | 9 | |
| Blacksmith | 1 | |
| Barracks | 2 | |
| Keep | 1 | |
| Arcane Vault | 1 | |
| Castle | 2 | |
| Gryphon Aviary | 2 | |
20 total
» build order
00:22 Altar of Kings
00:28 Lumber Mill
00:51 Farm
01:43 Farm
01:48 Blacksmith
01:56 Barracks
02:19 Barracks
02:22 Farm
03:00 Farm
03:13 Farm
04:17 Keep
05:29 Arcane Vault
07:25 Castle
07:49 Gryphon Aviary
07:51 Gryphon Aviary
11:16 Farm
11:18 Farm
13:21 Farm
13:24 Farm
» items
| Scroll of Regeneration | 2 | |
| Lesser Clarity Potion | 1 | |
| Scroll of Town Portal | 6 | |
9 total
tazer (
red | 51 APM | 895 actions | 17:28)
4 Demon Hunter
2 Immolation
2 Evasion
» actions
| Basic commands | 52 | |
| Build / train | 51 | |
| ESC pressed | 2 | |
| Enter build submenu | 17 | |
| Enter hero's abilities submenu | 4 | |
| Right click | 426 | |
| Select / deselect | 304 | |
| Use ability | 39 | |
895 total
» units
» upgrades
| Strength of the Wild | 2 | |
| Reinforced Hides | 2 | |
| Abolish Magic | 1 | |
5 total
» buildings
| Moon Well | 5 | |
| Altar of Elders | 1 | |
| Ancient of War | 1 | |
| Hunter's Hall | 1 | |
| Tree of Ages | 1 | |
| Ancient Protector | 4 | |
| Ancient of Lore | 2 | |
| Ancient of Wonders | 1 | |
| Tree of Eternity | 1 | |
| Tree of Life | 1 | |
18 total
» build order
00:11 Moon Well
00:20 Altar of Elders
00:51 Moon Well
01:26 Ancient of War
02:17 Moon Well
02:40 Hunter's Hall
04:20 Tree of Ages
04:25 Ancient Protector
04:28 Ancient Protector
06:52 Ancient of Lore
06:54 Ancient of Lore
08:13 Ancient Protector
08:17 Ancient Protector
08:59 Ancient of Wonders
11:19 Tree of Eternity
11:25 Moon Well
11:29 Moon Well
14:44 Tree of Life
» items

»
Nightmar3. (
teal | 33 APM | 600 actions | 18:07)
3 Keeper of the Grove
1 Force of Nature
2 Entangling Roots
» actions
| Assign group hotkey | 2 | |
| Build / train | 20 | |
| Enter build submenu | 11 | |
| Enter hero's abilities submenu | 3 | |
| Remove unit from queue | 1 | |
| Right click | 435 | |
| Select / deselect | 95 | |
| Use ability | 33 | |
600 total
» units
» buildings
| Moon Well | 3 | |
| Altar of Elders | 1 | |
| Hunter's Hall | 1 | |
| Ancient Protector | 2 | |
7 total
» build order
00:22 Moon Well
00:38 Altar of Elders
01:30 Moon Well
01:34 Moon Well
02:23 Hunter's Hall
03:29 Ancient Protector
05:39 Ancient Protector
» items
| Boots of Speed | 1 | |
| Periapt of Vitality | 1 | |
| Staff of Teleportation | 1 | |
| Potion of Healing | 1 | |
| Rod of Necromancy | 1 | |
| Potion of Mana | 2 | |
7 total
team 2 (winner)
Jordanisgod (
pink | 60 APM | 1088 actions | 18:08)
5 Mountain King
2 Storm Bolt
3 Bash
3 Paladin
1 Holy Light
2 Divine Shield
» actions
| Assign group hotkey | 22 | |
| Basic commands | 24 | |
| Build / train | 57 | |
| Enter build submenu | 24 | |
| Enter hero's abilities submenu | 8 | |
| Right click | 645 | |
| Select / deselect | 139 | |
| Select group hotkey | 117 | |
| Use ability | 52 | |
1088 total
» units
| Peasant | 19 | |
| Footman | 2 | |
| Rifleman | 10 | |
| Forest Troll Shadow Priest | 2 | |
| Gryphon Rider | 4 | |
37 total
» upgrades
| Gunpowder | 1 | |
| Armor | 1 | |
| Swords | 2 | |
| Lumber Harvesting | 1 | |
| Storm Hammers | 1 | |
| Animal War Training | 1 | |
| Long Rifles | 1 | |
8 total
» buildings
| Arcane Vault | 2 | |
| Altar of Kings | 1 | |
| Farm | 13 | |
| Barracks | 2 | |
| Lumber Mill | 2 | |
| Blacksmith | 1 | |
| Keep | 1 | |
| Gryphon Aviary | 2 | |
| Castle | 1 | |
| Town Hall | 1 | |
26 total
» build order
00:05 Arcane Vault
00:08 Altar of Kings
00:09 Farm
01:06 Farm
01:19 Barracks
01:50 Farm
02:20 Lumber Mill
02:30 Farm
02:40 Blacksmith
03:00 Barracks
04:03 Farm
04:41 Farm
05:49 Farm
05:52 Keep
06:36 Farm
07:42 Arcane Vault
09:21 Gryphon Aviary
09:25 Castle
10:45 Gryphon Aviary
11:34 Town Hall
12:03 Lumber Mill
12:24 Farm
13:07 Farm
13:59 Farm
15:14 Farm
15:15 Farm
Itazo (
purple | 107 APM | 1941 actions | 18:08)
3 Keeper of the Grove
2 Entangling Roots
1 Thorns Aura
2 Priestess of the Moon
1 Trueshot Aura
1 Searing Arrows
» actions
| Assign group hotkey | 77 | |
| Basic commands | 214 | |
| Build / train | 77 | |
| ESC pressed | 3 | |
| Enter build submenu | 13 | |
| Enter hero's abilities submenu | 5 | |
| Right click | 578 | |
| Select / deselect | 312 | |
| Select group hotkey | 612 | |
| Use ability | 50 | |
1941 total
» units
| Wisp | 19 | |
| Archer | 13 | |
| Huntress | 7 | |
| Druid of the Talon | 6 | |
| Druid of the Claw | 2 | |
| Dryad | 3 | |
50 total
» upgrades
| Moon Armor | 2 | |
| Strength of the Moon | 2 | |
| Druid of the Claw Training | 2 | |
| Ultravision | 1 | |
| Sentinel | 1 | |
| Abolish Magic | 1 | |
| Improved Bows | 1 | |
| Strength of the Wild | 1 | |
| Upgrade Moon Glaive | 1 | |
| Marksmanship | 1 | |
| Mark of the Claw | 1 | |
14 total
» buildings
| Altar of Elders | 1 | |
| Ancient of War | 1 | |
| Moon Well | 5 | |
| Hunter's Hall | 1 | |
| Tree of Ages | 1 | |
| Ancient of Wind | 1 | |
| Ancient of Lore | 1 | |
| Tree of Eternity | 1 | |
| Tree of Life | 1 | |
13 total
» build order
00:04 Altar of Elders
00:09 Ancient of War
00:27 Moon Well
01:40 Moon Well
04:25 Moon Well
04:27 Hunter's Hall
05:19 Tree of Ages
05:58 Moon Well
06:51 Moon Well
08:06 Ancient of Wind
10:43 Ancient of Lore
13:12 Tree of Eternity
17:19 Tree of Life
» items
| Scroll of Town Portal | 1 | |
| Scroll of Healing | 1 | |
2 total
Orcbuster1 (
yellow | 34 APM | 611 actions | 18:08)
4 Priestess of the Moon
2 Searing Arrows
2 Trueshot Aura
» actions
| Assign group hotkey | 10 | |
| Basic commands | 1 | |
| Build / train | 48 | |
| Enter build submenu | 15 | |
| Enter hero's abilities submenu | 4 | |
| Remove unit from queue | 1 | |
| Right click | 242 | |
| Select / deselect | 152 | |
| Select group hotkey | 111 | |
| Use ability | 27 | |
611 total
» units
| Wisp | 11 | |
| Archer | 6 | |
| Huntress | 2 | |
| Hippogryph | 7 | |
| Chimaera | 8 | |
34 total
» upgrades
| Strength of the Wild | 3 | |
| Reinforced Hides | 2 | |
| Corrosive Breath | 1 | |
6 total
» buildings
| Moon Well | 7 | |
| Altar of Elders | 1 | |
| Ancient of War | 1 | |
| Tree of Ages | 1 | |
| Hunter's Hall | 1 | |
| Tree of Eternity | 1 | |
| Ancient of Wind | 1 | |
| Ancient Protector | 1 | |
| Chimaera Roost | 2 | |
16 total
» build order
00:26 Moon Well
00:48 Altar of Elders
00:59 Ancient of War
01:33 Moon Well
02:56 Tree of Ages
03:28 Hunter's Hall
04:56 Moon Well
05:24 Tree of Eternity
06:22 Ancient of Wind
07:02 Ancient Protector
07:55 Chimaera Roost
07:59 Chimaera Roost
08:51 Moon Well
10:03 Moon Well
10:49 Moon Well
11:05 Moon Well

»
sc2no.wc4yes (
orange | 57 APM | 1037 actions | 18:09)
6 Goblin Tinker
3 Pocket Factory
3 Engineering Upgrade
» actions
| Assign group hotkey | 116 | |
| Basic commands | 15 | |
| Build / train | 50 | |
| ESC pressed | 2 | |
| Enter build submenu | 25 | |
| Enter hero's abilities submenu | 6 | |
| Give item / drop item | 1 | |
| Right click | 402 | |
| Select / deselect | 171 | |
| Select group hotkey | 183 | |
| Use ability | 66 | |
1037 total
» units
» upgrades
| Ultravision | 1 | |
| Strength of the Wild | 3 | |
| Corrosive Breath | 1 | |
| Well Spring | 1 | |
6 total
» buildings
| Moon Well | 9 | |
| Ancient of War | 7 | |
| Altar of Elders | 1 | |
| Tree of Ages | 1 | |
| Hunter's Hall | 1 | |
| Tree of Life | 3 | |
| Tree of Eternity | 1 | |
| Ancient of Wind | 1 | |
| Chimaera Roost | 3 | |
27 total
» build order
00:14 Moon Well
00:16 Moon Well
01:00 Ancient of War
01:04 Altar of Elders
02:17 Ancient of War
03:08 Ancient of War
03:19 Tree of Ages
03:20 Ancient of War
03:50 Ancient of War
03:51 Ancient of War
03:58 Ancient of War
06:11 Hunter's Hall
06:13 Moon Well
06:44 Tree of Life
06:46 Moon Well
07:02 Tree of Eternity
08:17 Ancient of Wind
09:30 Tree of Life
09:32 Tree of Life
09:34 Chimaera Roost
09:35 Chimaera Roost
09:35 Chimaera Roost
11:17 Moon Well
11:18 Moon Well
11:18 Moon Well
11:19 Moon Well
11:19 Moon Well
» items
Chat log
(00:14 / Allies) Jordanisgod: units?
(00:27 / All) sc2no.wc4yes: nightmare do you realize you are the #1 on azeroth rt ladder
(00:31 / All) sc2no.wc4yes: when you sort by "most losses"
(00:32 / All) sc2no.wc4yes: lol
(00:33 / Allies) Orcbuster1: arch hip chim
(00:47 / All) sc2no.wc4yes: 2nd place is 700 losses behind you
(00:54 / All) sc2no.wc4yes: its not even close
(01:15 / All) Jordanisgod: that is a lot of games...holy shit
(01:31 / Allies) sc2no.wc4yes: harass here
(01:35 / Allies) sc2no.wc4yes: to go with my aow
(01:45 / Allies) Jordanisgod: kk
(01:48 / All) Nightmar3.: newb
(01:53 / All) sc2no.wc4yes: took the time to what
(01:55 / All) Nightmar3.: i know that not true
(01:59 / All) sc2no.wc4yes: it actually is
(01:59 / All) Nightmar3.: though
(02:13 / All) sc2no.wc4yes: i thougth it was goinna be flintpinstitch
(02:15 / All) sc2no.wc4yes: so i looked
(06:33 / All) sc2no.wc4yes: go look on the bnet page
(06:38 / All) sc2no.wc4yes: sort azeroth rt by most losses
(06:41 / All) sc2no.wc4yes: you are ahead by 700
(07:08 / All) Nightmar3.: You know i use a loss bot right
(07:16 / All) sc2no.wc4yes: ive never seen you lossbotting
(07:17 / All) sc2no.wc4yes: rofl
(07:43 / All) Nightmar3.: i work around 70 hours every week i wish i had more time to pay but i dont
(07:50 / All) sc2no.wc4yes: you have 6000 games this season...
(08:02 / All) sc2no.wc4yes: thats like 4000 a year
(08:03 / All) Nightmar3.: more than that i have 4 accounts going
(08:23 / All) Nightmar3.: they banned two of them
(08:34 / All) sc2no.wc4yes: im gonna see how many 0 minute games you have on your fgl
(09:04 / All) Nightmar3.: my average is 10 minutes per game
(09:11 / All) Nightmar3.: alredy check3ed it
(09:51 / All) Nightmar3.: i cannot figure what these guys r teching to
(10:03 / All) Nightmar3.: ph dryad rifle
(10:08 / All) Nightmar3.: lol
(10:20 / Allies) sc2no.wc4yes: gj on rush
(10:29 / Allies) Jordanisgod: all you man
(12:42 / All) Itazo: boo
(13:23 / All) Nightmar3.: he locked himself out of his base
(13:24 / All) sc2no.wc4yes: youve got 80 pages of games below 10 minutes
(13:25 / All) sc2no.wc4yes: lmao
(13:36 / All) sc2no.wc4yes: tehres not even a cutoff
(13:37 / All) Nightmar3.: lol
(13:42 / All) sc2no.wc4yes: you have like 200 games at 3 minutes
(13:45 / All) sc2no.wc4yes: 200 more at 4 minutes
(13:45 / All) sc2no.wc4yes: etc
(14:25 / All) Nightmar3.: like i said i maybe actually play 20 games per week, but i rack 200
(14:29 / All) sc2no.wc4yes: do you ever see that "maximum amoutn of games for this gametype" message?
(14:32 / All) Nightmar3.: 200 is the max per week
(14:39 / All) sc2no.wc4yes: i bet you see it every week
(14:48 / All) sc2no.wc4yes: 6000 games of rt
(14:53 / All) sc2no.wc4yes: thats means this season is at least 30 weeks old
(14:55 / All) Nightmar3.: i have shadow loss
(15:29 / All) Nightmar3.: nah this season is well over year old
(16:01 / All) Nightmar3.: i dont think they realize its 3 vs 4 now
(16:07 / All) Nightmar3.: they were creeping lmoa
(16:12 / All) sc2no.wc4yes: i dont buy this lossbot story at all
(16:18 / All) sc2no.wc4yes: less than 1/20th of your games are under 5 min
(16:20 / All) Nightmar3.: dont care
(16:27 / All) sc2no.wc4yes: you play this game 70 hours a week
(16:41 / All) sc2no.wc4yes: hell i play it like 30 hours a week
(16:46 / All) sc2no.wc4yes: and im nowhere near you on the numbers
(16:56 / All) Nightmar3.: get a loss bot
(17:15 / Allies) Jordanisgod: where you all go?
(17:15 / Allies) Jordanisgod: lol
(17:16 / All) sc2no.wc4yes: i got the 1500 icon already
(17:19 / All) sc2no.wc4yes: dont really care about getting it again
(17:56 / All) Nightmar3.: gotta get all 6 1500